 Dungeon Crawl Stone Soup version 0.30-b1-2-g02819fbbbe (webtiles) character file.

Game seed: 11611541577338324289

93 LLlMATKO the Chopper (level 4, -1/32 (41) HPs)
             Began as a Minotaur Berserker on Nov 1, 2023.
             Was a Believer of Trog.
             Slain by Eustachio
             ... wielding a +5 rapier of draining
              (2 damage)
             ... on level 4 of the Dungeon.
             The game lasted 00:01:25 (2085 turns).

LLlMATKO the Chopper (Minotaur Berserker)           Turns: 2085, Time: 00:01:26

HP:   -1/32 (41)    AC:  9    Str: 23    XL:     4   Next: 36%
MP:   3/3           EV:  9    Int:  4    God:    Trog [**....]
Gold: 167           SH:  0    Dex: 10    Spells: 3/3 levels left

rFire   . . .        a - +0 hand axe
rCold   . . .        (no shield)
rNeg    . . .        k - +0 chain mail
rPois   .            (helmet restricted)
rElec   .            (no cloak)
rCorr   .            (no gloves)
SInv    .            (no boots)
Will    .....        (no amulet) Stlth
                     (no ring)
HPRegen 0.25/turn    (no ring)
MPRegen 0.08/turn

%: no passive effects
@: on berserk cooldown, slowed, heavily drained, very slow
A: horns 2, retaliatory headbutt
a: Renounce Religion, Berserk, Trog's Hand


You were on level 4 of the Dungeon.
You worshipped Trog.
Trog was pleased with you.
You visited 1 branch of the dungeon, and saw 4 of its levels.

You collected 167 gold pieces.

Inventory:

Hand Weapons
 a - a +0 hand axe (weapon)
Missiles
 j - 10 poisoned darts (quivered)
Armour
 k - a +0 chain mail (worn)
Jewellery
 c - a ring of ice
 l - a ring of ice
 o - a +5 ring of evasion
Wands
 m - a wand of light (6)
Scrolls
 b - 4 scrolls of identify {unknown}
 d - a scroll of blinking {unknown}
 f - a scroll of teleportation {unknown}
 g - 2 scrolls of amnesia {unknown}
Potions
 e - 3 potions of curing {unknown}
 h - a potion of magic {unknown}
 i - a potion of attraction {unknown}
 n - 2 potions of lignification {unknown}


   Skills:
 + Level 4.4 Fighting
 + Level 4.4 Axes
 + Level 3.5 Armour
 + Level 3.1 Dodging


You had 3 spell levels left.
You didn't know any spells.
Your spell library was empty.

Dungeon Overview and Level Annotations

Branches:
Dungeon (4/15)
 Temple: D:4-7

Altars:
Wu Jian

Shops:
D:4 *

Annotations:
D:4 Eustachio


Innate Abilities, Weirdness & Mutations

You have a pair of horns on your head.
You reflexively headbutt those who attack you in melee.


Message History

You hit Eustachio.
Eustachio is severely wounded.
An orc comes into view. It is wielding a +0 heavy morningstar.
Eustachio hits you with a +5 rapier of draining!
You feel drained.
Eustachio hits you with a +5 rapier of draining.
You feel drained.
You are too injured to fight recklessly!
Unknown command.
You are too injured to fight recklessly!
Unknown command.
The orc shouts!
You hit Eustachio.
Eustachio is severely wounded.
You hear a shout!
The orc throws a boomerang.
The boomerang barely misses you. The orc barely misses you.
Eustachio casts a spell.
An orc comes into view. It is wielding a +0 whip.
A hound comes into view.
The orc hits you from afar with a +0 trident.
Eustachio closely misses you.
The river rat twitches its whiskers.
The hound barks!
You hit Eustachio but do no damage. Your headbutt misses Eustachio.
Eustachio is severely wounded.
The orc throws a boomerang.
The boomerang barely misses you. The orc hits you but does no damage.
Eustachio barely misses you.
Unknown command.
Unknown command.
You miss Eustachio.
Eustachio is severely wounded.
The orc hits you from afar with a +0 trident.
* * * LOW HITPOINT WARNING * * *
Eustachio growls, "To hell with you, honourless miscreant!"
Eustachio completely misses you. The orc misses you.
Eustachio hits you with a +5 rapier of draining!
* * * LOW HITPOINT WARNING * * *
You feel drained.
You die...

#...#...#.#
..#...#...##
.#.!.#...#..
#...#.h.#... #
..#...#o...#.#
..#....o.#.#
#.#o...5@r#
#......@#
#.....).#
#...###.#
#.#.###.#
#.......#
#######.# #.#
###


You could see Eustachio, a hound, a river rat (summoned), a shadow imp
(summoned) and 3 orcs.

Vanquished Creatures
  2 adders (D:3)
  A worm (D:3)
  8 ball pythons
  4 endoplasms
  7 giant cockroaches
  3 goblins
  7 hobgoblins
  8 jackals (D:2)
  4 quokkas
  5 bats
  A frilled lizard (D:1)
  4 kobolds
  8 rats
62 creatures vanquished.

Notes
Turn   | Place    | Note
-------+----------+-------------------------------------------
     0 | D:1      | LLlMATKO the Minotaur Berserker began the quest for the
                  | Orb.
     0 | D:1      | Reached XP level 1. HP: 19/19 MP: 0/0
   137 | D:1      | Reached XP level 2. HP: 26/27 MP: 1/1
   536 | D:1      | Reached ** piety under Trog
   537 | D:1      | Reached XP level 3. HP: 33/33 MP: 2/2
   614 | D:1      | Found a faded altar of an unknown god.
  1518 | D:3      | Reached XP level 4. HP: 40/40 MP: 3/3
  1654 | D:3      | Found an ornate altar of the Wu Jian Council.
  2059 | D:4      | Found Lualuviwn's Assorted Antiques.
  2061 | D:4      | Noticed Eustachio
  2085 | D:4      | HP: 1/34 [Eustachio/+5 rapier of draining (9)]
  2085 | D:4      | Slain by Eustachio

Illustrated notes

Levels and vault maps discovered:
D:1:      tarquinn_simple_flora_water_f, layout_basic,
          hellmonk_ecumenical_altar_inner_sanctum, minmay_pentomino_s4
D:2:      layout_loops_ring, palyth_stone_intersect
D:3:      layout_loops_cross, mainiacjoe_overflow_chevrons
D:4:      layout_basic, nicolae_dithmenos_shadow_blocks, serial_shops,
          nicolae_shop_advertising_works [nicolae_subvault_shop_adworks],
          minmay_misc_feat_x, hex_medium, uniq_eustachio, uniq_duvessa,
          uniq_edmund

Skill      XL: |  1  2  3 |
---------------+----------+-----
Fighting       | 4 |  4.4
Axes           | 4 |  4.4
Armour         | 3 |  3.5
Dodging        | 3 |  3.1

Action                     |  1- 3 |  4- 6 || total
---------------------------+-------+-------++-------
  Melee: Hand axe          |    80 |    48 ||   128
         Headbutt          |     8 |     2 ||    10
 Invoke: Berserk           |       |     1 ||     1
   Stab: Distracted        |     1 |       ||     1
 Armour: Animal skin       |     8 |       ||     8
         Chain mail        |    29 |    28 ||    57
  Dodge: Dodged            |    51 |    20 ||    71
